[Event "FAI-ch Main 2020"]
[Site "Runavik"]
[Date "2020.10.31"]
[Round "6.3"]
[White "Morkore, Rogvi"]
[Black "Joensen, Jon Magnus"]
[Result "1-0"]
[ECO "A16"]
[WhiteElo "1592"]
[BlackElo "1461"]
[Annotator "NA RC"]
[PlyCount "113"]
[EventDate "2020.10.23"]
[EventType "swiss"]
[EventCountry "FAI"]
[SourceTitle "playchess.com"]
[Source "ChessBase"]
[SourceQuality "1"]
[TimeControl "40/5400+30:900+30"]

1. c4 Nf6 2. Nc3 g6 3. g3 Bg7 4. Bg2 O-O 5. d4 d6 6. e4 e5 7. d5 c6 8. Nge2 cxd5 9. cxd5 Bg4 10. f3 Bd7 11. Qb3 b6 12. Qa3 Ne8 13. O-O f5 14. f4 a5 15. fxe5 Bxe5 16. Bf4 Qe7 17. Bxe5 Qxe5 18. Rae1 Na6 19. exf5 Rxf5 20. Nf4 Qd4+ 21. Kh1 Nc5 22. Ne6 Rxf1+ 23. Rxf1 Bxe6 24. dxe6 Rb8 25. Nb5 Qe5 26. Qf3 Qf5 27. Qc6 Qe5 28. Bd5 Kg7 29. Nc7 Nf6 30. Bc4 Kh6 31. Qf3 Rb7 32. Qxf6 Qxf6 33. Rxf6 Rxc7 34. e7 Rxe7 35. Rxd6 Re4 36. b3 a4 37. Rxb6 axb3 38. axb3 Rd4 39. Rb5 Ne4 40. Rd5 Rxd5 41. Bxd5 Nd6 42. Kg2 Nc8 43. b4 Kg5 44. Be4 h6 45. Kf3 Kf6 46. Ke3 g5 47. Kd4 Ke6 48. Kc5 Nd6 49. Bc6 Nc8 50. b5 h5 51. b6 Nxb6 52. Kxb6 Ke5 53. Kc5 h4 54. Bf3 hxg3 55. hxg3 Kf5 56. Kd5 g4 57. Be2 1-0

[Event "FAI-ch Main 2020"]
[Site "Runavik"]
[Date "2020.10.31"]
[Round "6.4"]
[White "Rasmussen, Gunnleif"]
[Black "Joensen, Henrik W."]
[Result "1-0"]
[ECO "B23"]
[WhiteElo "1148"]
[BlackElo "1650"]
[Annotator "NA RC"]
[PlyCount "79"]
[EventDate "2020.10.23"]
[EventType "swiss"]
[EventCountry "FAI"]
[SourceTitle "playchess.com"]
[Source "ChessBase"]
[SourceQuality "1"]
[TimeControl "40/5400+30:900+30"]

1. e4 c5 2. Nc3 Nc6 3. f4 e5 4. Nf3 d6 5. Bb5 Bg4 6. Bxc6+ bxc6 7. O-O Nf6 8. d3 c4 9. Kh1 cxd3 10. cxd3 Be7 11. f5 O-O 12. Qe1 Re8 13. Qh4 Bxf3 14. Rxf3 d5 15. Rh3 d4 16. Ne2 Qb6 17. g4 h5 18. g5 Ng4 19. Kg1 g6 20. Ng3 Qb4 21. Nxh5 gxh5 22. f6 Bd8 23. Kf1 Ba5 24. Ke2 Re6 25. a3 Qb3 26. Bd2 Qxb2 27. Rd1 Kf8 28. Qxh5 Nxf6 29. Qh8+ Ng8 30. Rh6 Rxh6 31. gxh6 Ke7 32. Qxe5+ Kd7 33. Qxa5 Ne7 34. Qe5 Rg8 35. Kf3 Ng6 36. Qh5 Qxa3 37. h7 Qxd3+ 38. Kf2 Re8 39. Qf5+ Ke7 40. Bg5+ 1-0

[Event "FAI-ch Main 2020"]
[Site "Runavik"]
[Date "2020.10.31"]
[Round "6.5"]
[White "Joensen, Sigurd"]
[Black "Bjarnasson, Bessi"]
[Result "0-1"]
[ECO "C50"]
[WhiteElo "1537"]
[BlackElo "1494"]
[Annotator "NA RC"]
[PlyCount "66"]
[EventDate "2020.10.23"]
[EventType "swiss"]
[EventCountry "FAI"]
[SourceTitle "playchess.com"]
[Source "ChessBase"]
[SourceQuality "1"]
[TimeControl "40/5400+30:900+30"]

1. e4 e5 2. Nf3 Nc6 3. Bc4 Bc5 4. d3 Nf6 5. O-O O-O 6. Bg5 h6 7. Bh4 d6 8. h3 Be6 9. Nbd2 a6 10. c3 b5 11. Bb3 Ba7 12. Kh1 g5 13. Bxe6 fxe6 14. Bg3 Nh5 15. Nh2 Nf4 16. Bxf4 Rxf4 17. Ndf3 Qf8 18. Qe2 Qg7 19. Nd2 Raf8 20. f3 Ne7 21. Nb3 d5 22. Nd2 c6 23. b4 Ng6 24. a4 R4f7 25. axb5 axb5 26. Ra6 Nf4 27. Qe1 Nxd3 28. Qg3 Be3 29. Nb3 h5 30. h4 g4 31. fxg4 Rxf1+ 32. Nxf1 Rxf1+ 33. Kh2 Bf4 0-1

[Event "FAI-ch Main 2020"]
[Site "Runavik"]
[Date "2020.10.31"]
[Round "7.1"]
[White "Dahl, Karl M"]
[Black "Tummasarson, Flovin M."]
[Result "0-1"]
[ECO "D53"]
[WhiteElo "1590"]
[BlackElo "1625"]
[Annotator "NA RC"]
[PlyCount "64"]
[EventDate "2020.10.23"]
[EventType "swiss"]
[EventCountry "FAI"]
[SourceTitle "playchess.com"]
[Source "ChessBase"]
[SourceQuality "1"]
[TimeControl "40/5400+30:900+30"]

1. d4 d5 2. c4 e6 3. Nc3 Nf6 4. Bg5 Be7 5. e3 c6 6. cxd5 exd5 7. Bd3 O-O 8. Nge2 Re8 9. O-O Nbd7 10. Qc2 h6 11. Bf4 Nh5 12. Bg3 Nxg3 13. Nxg3 Nf6 14. Rad1 Bd7 15. Rfe1 Bd6 16. Nf1 Rc8 17. a3 Bb8 18. Qd2 Rc7 19. Bb1 Bc8 20. f3 Rce7 21. e4 dxe4 22. fxe4 Nh5 23. Qf2 Nf4 24. e5 Nd5 25. Nxd5 Qxd5 26. Qc2 g6 27. Ne3 Qd8 28. Ba2 Be6 29. d5 cxd5 30. Bxd5 Qb6 31. Kh1 Kg7 32. Be4 Bb3 0-1

[Event "FAI-ch Main 2020"]
[Site "Runavik"]
[Date "2020.10.31"]
[Round "7.2"]
[White "Gregersen, Einar"]
[Black "Rasmussen, Gunnleif"]
[Result "1-0"]
[ECO "C42"]
[WhiteElo "1758"]
[BlackElo "1148"]
[Annotator "NA RC"]
[PlyCount "63"]
[EventDate "2020.10.23"]
[EventType "swiss"]
[EventCountry "FAI"]
[SourceTitle "playchess.com"]
[Source "ChessBase"]
[SourceQuality "1"]
[TimeControl "40/5400+30:900+30"]

1. e4 e5 2. Nf3 Nf6 3. Nxe5 Nc6 4. Nxc6 dxc6 5. d3 Bc5 6. Be2 h5 7. c3 Bxf2+ 8. Kxf2 Ng4+ 9. Ke1 Qf6 10. Bf3 Qh4+ 11. g3 Qh3 12. Qe2 Ne5 13. d4 Nxf3+ 14. Qxf3 h4 15. Bf4 Bg4 16. Qf1 O-O-O 17. Qxh3 Bxh3 18. Nd2 Bg2 19. Rg1 h3 20. e5 Rde8 21. Kf2 Bd5 22. Nf3 f6 23. exf6 gxf6 24. Rge1 Bxf3 25. Kxf3 f5 26. Re5 Rhf8 27. Rae1 Kd7 28. Rxe8 Rxe8 29. Rxe8 Kxe8 30. g4 Kf7 31. gxf5 Kf6 32. Ke4 1-0

[Event "FAI-ch Main 2020"]
[Site "Runavik"]
[Date "2020.10.31"]
[Round "7.3"]
[White "Bjarnasson, Bessi"]
[Black "Morkore, Rogvi"]
[Result "0-1"]
[ECO "C02"]
[WhiteElo "1494"]
[BlackElo "1592"]
[Annotator "NA RC"]
[PlyCount "48"]
[EventDate "2020.10.23"]
[EventType "swiss"]
[EventCountry "FAI"]
[SourceTitle "playchess.com"]
[Source "ChessBase"]
[SourceQuality "1"]
[TimeControl "40/5400+30:900+30"]

1. e4 e6 2. d4 d5 3. e5 c5 4. c3 Nc6 5. Nf3 Bd7 6. Bd3 cxd4 7. cxd4 Qb6 8. O-O Nxd4 9. Be3 Nxf3+ 10. Qxf3 Qxb2 11. Nd2 Qxe5 12. Rac1 Bd6 13. g3 Qf6 14. Qe2 Ne7 15. Nb3 O-O 16. Bd4 e5 17. Bb2 Qg5 18. Rc2 e4 19. h4 exd3 20. Qxd3 Qg6 21. Qd2 Bh3 22. Re1 Bxg3 23. fxg3 Qxg3+ 24. Kh1 Qxh4 0-1

[Event "FAI-ch Main 2020"]
[Site "Runavik"]
[Date "2020.10.31"]
[Round "7.5"]
[White "Joensen, Jon Magnus"]
[Black "Joensen, Sigurd"]
[Result "1/2-1/2"]
[ECO "C41"]
[WhiteElo "1461"]
[BlackElo "1537"]
[Annotator "NA RC"]
[PlyCount "50"]
[EventDate "2020.10.23"]
[EventType "swiss"]
[EventCountry "FAI"]
[SourceTitle "playchess.com"]
[Source "ChessBase"]
[SourceQuality "1"]
[TimeControl "40/5400+30:900+30"]

1. e4 e5 2. Nf3 d6 3. h3 f5 4. d3 Nf6 5. Nc3 Be7 6. Bg5 O-O 7. Qe2 f4 8. g3 fxg3 9. fxg3 Nh5 10. Bxe7 Qxe7 11. Rg1 c6 12. O-O-O Qf6 13. Nd2 Qf7 14. Qe3 b5 15. Be2 Nf6 16. g4 b4 17. Ncb1 Qxa2 18. g5 Ne8 19. d4 Qf7 20. dxe5 Qe7 21. exd6 Nxd6 22. Qc5 Be6 23. h4 Nf5 24. Qxe7 Nxe7 25. Bc4 Bxc4 1/2-1/2